 Dungeon Crawl Stone Soup version 0.20.1-1-g8b1a95d (console) character file.

9914 hilaritas the Grappler (level 11, -3/113 HPs)
             Began as a Troll Hunter on Jan 24, 2018.
             Was a High Priest of Okawaru.
             Slain by a fire dragon (10 damage)
             ... on level 10 of the Dungeon.
             The game lasted 00:29:28 (9619 turns).

hilaritas the Grappler (Troll Hunter)               Turns: 9619, Time: 00:29:29

Health: -3/113     AC:  6    Str: 25    XL:     11   Next: 29%
Magic:  14/15      EV: 15    Int:  7    God:    Okawaru [*****.]
Gold:   262        SH:  0    Dex: 10    Spells: 7/10 levels left

rFire    + . .     SeeInvis .     - Unarmed
rCold    x . .     Gourm    +   (no shield)
rNeg     . . .     Faith    .   b - +1 robe
rPois    .         Spirit   .   (helmet restricted)
rElec    .         Reflect  .   n - scarf {cloud immunity}
rCorr    .         Harm     .   (gloves unavailable)
MR       .....     Rnd*Tele +   (boots unavailable)
Stlth    +++.......             (no amulet)
Regen    0.7/turn               s - ring of fire
MPRegen  0.2/turn               A - ring of teleportation (curse)

@: heroism
A: unfitting armour, claws 3, fast metabolism 3, gourmand, regeneration 1,
shaggy fur 1, tough skin 2
a: Heroism, Finesse, Renounce Religion


You were on level 10 of the Dungeon.
You worshipped Okawaru.
Okawaru was extremely pleased with you.
You were full.

You visited 1 branch of the dungeon, and saw 10 of its levels.

You collected 462 gold pieces.
You spent 200 gold pieces at shops.

Inventory:

Hand Weapons
 a - a +0 short sword
 F - a +1 short sword of protection
Missiles
 c - 5 large rocks (quivered)
 d - 3 throwing nets
Armour
 b - a +1 robe (worn)
 n - a scarf of cloud immunity (worn)
 x - the +1 robe of Azoce {rF- Int+4 SInv}
   (You found it on level 6 of the Dungeon)

   It affects your intelligence (+4).
   It makes you vulnerable to fire.
   It lets you see invisible.
Jewellery
 h - a +4 ring of protection
 i - a +2 ring of dexterity
 k - an uncursed ring of see invisible
 s - a ring of fire (left claw)
 t - an uncursed amulet of magic regeneration
 A - a cursed ring of teleportation (right claw)
 E - a +4 ring of intelligence
 J - the ring of the Townfolk {rN+ Str+4}
   (You acquired it on level 9 of the Dungeon)

   [ring of positive energy]

   It affects your strength (+4).
   It protects you from negative energy.
Wands
 r - a wand of enslavement (12/24)
 w - a wand of digging (6/24)
 H - a wand of polymorph (4/24)
 K - a wand of confusion (3/48)
Scrolls
 j - a scroll of enchant armour
 y - a scroll of amnesia
 B - a scroll of teleportation
 L - a scroll of blinking
Potions
 e - 2 potions of heal wounds
 l - a potion of agility
 p - a potion of resistance
 q - 7 potions of curing
 u - 2 potions of haste
 v - a potion of cancellation
 z - a potion of brilliance
 C - 2 potions of flight
 D - a potion of lignification
 G - a potion of might
 M - a potion of mutation {unknown}
Comestibles
 f - 5 bread rations
 g - 7 meat rations
 m - 12 royal jellies
 o - a fruit


   Skills:
 * Level 8.3(13.3) Fighting
 - Level 3.6(8.6) Throwing
 + Level 6.4(11.4) Dodging
 - Level 0.3(5.3) Stealth
 - Level 10.2(15.2) Unarmed Combat
 * Level 7.3 Invocations


You had 7 spell levels left.
You knew the following spells:

 Your Spells              Type           Power        Failure   Level  Hunger
a - Apportation           Tloc           #.....       43%         1    ##.....
b - Confusing Touch       Hex            #.....       43%         1    ##.....
c - Summon Small Mammal   Summ           #...         43%         1    ##.....


Dungeon Overview and Level Annotations

Branches:
Dungeon (10/15)            Temple (0/1) D:4            Lair (0/6) D:9
    Orc: D:9-12

Altars:
Ashenzari
Elyvilon
Fedhas
Hepliaklqana
Nemelex Xobeh
Okawaru
Sif Muna
Vehumet
Zin

Shops:
D:5 !

Annotations:
D:3 1 runed door


Innate Abilities, Weirdness & Mutations

You are too large for most types of armour.
You have claws for hands.
Your metabolism is lightning-fast.
You like to eat raw meat.
Your natural rate of healing is unusually fast.
You are covered in fur. (AC +1)
You have very tough skin. (AC +2)


Message History

The fire dragon closely misses you.
The fire dragon claws you but does no damage.
The fire dragon misses you.
You claw the fire dragon!
The fire dragon is heavily wounded.
You scratch the fire dragon but do no damage.
The fire dragon is heavily wounded.
The fire dragon bites you but does no damage.
The fire dragon closely misses you. x2
You scratch the fire dragon.
The fire dragon is heavily wounded.
The fire dragon bites you.
* * * LOW HITPOINT WARNING * * *
The fire dragon closely misses you. The fire dragon misses you.
You mangle the fire dragon!!
The fire dragon is severely wounded.
The fire dragon bites you!
* * * LOW HITPOINT WARNING * * *
The fire dragon claws you!
You die...

##### #...#
#####...######
#.............
#.....<.......
#########.........##+#
..............##+##.
........@............
.......D#.....#......
........##...##......
.......(###.## .....
.....###( #.# ##.##
####. #.#.# ... . ##.#
.. .. .♣. .. # #


You could see a fire dragon.

Vanquished Creatures
  3 two-headed ogres
  A manticore (D:8)
  Joseph (D:7)
  An elephant (D:9)
  A troll (D:9)
  3 hippogriffs
  11 yaks
  2 wyverns
  A hungry ghost (D:7)
  A steam dragon (D:7)
  2 ice beasts
  3 orc warriors
  A black bear (D:7)
  4 ogres
  2 phantoms
  A centaur (D:7)
  2 crocodiles (D:9)
  The ghost of hilaritas the Conjurer, an amateur DECj (D:3)
  2 big kobolds (D:8)
  3 bullfrogs
  3 scorpions
  9 killer bees
  A howler monkey (D:9)
  2 centaur zombies
  4 crimson imps
  A quasit (D:6)
  5 hounds
  A bullfrog zombie (D:5)
  7 orc priests
  4 jellies
  10 orc wizards
  2 centaur skeletons
  A gnoll shaman (D:9)
  4 iguanas
  5 worker ants
  A statue (D:7)
  2 hound zombies
  A hound skeleton (D:8)
  14 gnolls
  10 adders
  3 shadow imps
  7 oozes
  4 worms
  2 dart slugs (D:1)
  5 leopard geckos
  23 orcs
  2 ball pythons
  7 giant cockroaches
  11 goblins
  9 hobgoblins
  6 jackals
  7 quokkas
  6 bats
  4 frilled lizards
  A giant cockroach zombie (D:5)
  35 kobolds
  A leopard gecko skeleton (D:4)
  5 rats
271 creatures vanquished.

Notes
Turn   | Place    | Note
-------+----------+-------------------------------------------
     0 | D:1      | hilaritas the Troll Hunter began the quest for the Orb.
     0 | D:1      | Reached XP level 1. HP: 19/19 MP: 0/0
    93 | D:1      | Reached skill level 1 in Unarmed Combat
   227 | D:1      | Reached XP level 2. HP: 28/28 MP: 1/1
   682 | D:1      | Reached skill level 2 in Unarmed Combat
   739 | D:1      | Reached XP level 3. HP: 35/35 MP: 2/2
  1325 | D:2      | Reached skill level 3 in Unarmed Combat
  1531 | D:2      | Reached XP level 4. HP: 42/42 MP: 3/3
  2209 | D:3      | Noticed hilaritas's ghost (amateur DECj)
  2227 | D:3      | Killed hilaritas's ghost
  2227 | D:3      | Reached skill level 4 in Unarmed Combat
  2227 | D:3      | Reached XP level 5. HP: 21/49 MP: 4/4
  2561 | D:3      | Reached skill level 5 in Unarmed Combat
  2596 | D:3      | Found an iron altar of Okawaru.
  2604 | D:3      | Became a worshipper of Warmaster Okawaru
  2638 | D:3      | Found a runed door.
  2638 | D:3      | Found a white marble altar of Elyvilon.
  2638 | D:3      | Noticed an angel
  2695 | D:3      | Found a deep blue altar of Sif Muna.
  2695 | D:3      | Found a hazy altar of Hepliaklqana.
  2994 | D:4      | Reached XP level 6. HP: 54/57 MP: 5/5
  3021 | D:4      | Reached skill level 6 in Unarmed Combat
  3036 | D:4      | Found a faded altar of an unknown god.
  3036 | D:4      | Found a glowing silver altar of Zin.
  3041 | D:4      | Found a faded altar of an unknown god.
  3047 | D:4      | Found a blossoming altar of Fedhas.
  3048 | D:4      | Found a shattered altar of Ashenzari.
  3096 | D:4      | Reached * piety under Okawaru
  3221 | D:4      | Reached XP level 7. HP: 62/66 MP: 6/6
  3718 | D:4      | Found a staircase to the Ecumenical Temple.
  3785 | D:5      | Entered Level 5 of the Dungeon
  3785 | D:5      | Found a sparkling altar of Nemelex Xobeh.
  3828 | D:5      | Found Sutaytty's Distillery.
  3843 | D:5      | Bought a potion of heal wounds for 50 gold pieces
  3843 | D:5      | Bought a potion of resistance for 100 gold pieces
  3880 | D:5      | Reached skill level 1 in Invocations
  3882 | D:5      | Found a sparkling altar of Nemelex Xobeh.
  4053 | D:5      | Reached skill level 7 in Unarmed Combat
  4476 | D:5      | Reached skill level 8 in Unarmed Combat
  4837 | D:6      | Reached XP level 8. HP: 71/75 MP: 8/8
  4901 | D:6      | Got a ripped robe
  4912 | D:6      | Identified the cursed +1 robe of Azoce {rF- Int+4 SInv} (You found it on level 6 of the Dungeon)
  5080 | D:5      | Bought 2 potions of degeneration for 20 gold pieces
  5080 | D:5      | Bought a potion of curing for 30 gold pieces
  5301 | D:6      | Reached ** piety under Okawaru
  5301 | D:6      | Reached skill level 9 in Unarmed Combat
  5497 | D:7      | Noticed Joseph
  5516 | D:7      | Killed Joseph
  5516 | D:7      | Reached skill level 10 in Unarmed Combat
  5659 | D:7      | Learned a level 1 spell: Apportation
  5661 | D:7      | Learned a level 1 spell: Confusing Touch
  5663 | D:7      | Learned a level 1 spell: Summon Small Mammal
  5936 | D:7      | Found a radiant altar of Vehumet.
  5961 | D:7      | Reached XP level 9. HP: 62/84 MP: 10/10
  6124 | D:7      | Reached *** piety under Okawaru
  6908 | D:8      | Reached skill level 5 in Fighting
  6933 | D:8      | Reached **** piety under Okawaru
  7103 | D:8      | Reached skill level 5 in Invocations
  7298 | D:8      | Reached XP level 10. HP: 87/98 MP: 9/13
  7859 | D:8      | Noticed a manticore
  7865 | D:8      | Killed a manticore
  7968 | D:8      | Noticed a two-headed ogre
  7973 | D:8      | Killed a two-headed ogre
  8385 | D:9      | Found a staircase to the Lair.
  8385 | D:9      | Noticed an elephant
  8402 | D:9      | Reached skill level 5 in Dodging
  8409 | D:9      | Killed an elephant
  8409 | D:9      | Reached ***** piety under Okawaru
  8515 | D:9      | Received a gift from Okawaru
  8716 | D:9      | Reached XP level 11. HP: 105/111 MP: 15/15
  8740 | D:9      | Identified a scroll of acquirement
  8741 | D:9      | Got a translucent turquoise ring
  8743 | D:9      | Identified the ring of the Townfolk {rN+ Str+4} (You acquired it on level 9 of the Dungeon)
  9062 | D:9      | Found a glowing silver altar of Zin.
  9220 | D:9      | Noticed a two-headed ogre
  9222 | D:9      | Killed a two-headed ogre
  9436 | D:9      | Noticed a two-headed ogre
  9443 | D:9      | Killed a two-headed ogre
  9596 | D:10     | Entered Level 10 of the Dungeon
  9606 | D:10     | Noticed a fire dragon
  9619 | D:10     | HP: 7/113 [fire dragon (14)]
  9619 | D:10     | Slain by a fire dragon

Skill      XL: |  1  2  3  4  5  6  7  8  9 10 11 |
---------------+----------------------------------+-----
Unarmed Combat | 1 2 3 4 5 6 8 10 | 10.2
Fighting       | 2 3 5 7 8 |  8.3
Invocations    | 1 3 5 6 7 |  7.3
Dodging        | 2 4 5 6 |  6.4
Throwing       | |  3.6
Stealth        | |  0.3

Action                   |  1- 3 |  4- 6 |  7- 9 | 10-12 || total
-------------------------+-------+-------+-------+-------++-------
Melee: Unarmed           |   122 |   111 |   291 |   229 ||   753
       Punch             |       |     4 |    16 |    13 ||    33
Throw: Large rock        |       |     3 |     4 |    11 ||    18
Invok: Heroism           |       |       |     1 |     4 ||     5
Evoke: Wand              |       |       |     1 |       ||     1
  Use: Scroll            |     4 |     4 |     6 |     3 ||    17
       Potion            |       |     2 |       |     1 ||     3
 Stab: Sleeping          |     1 |       |       |       ||     1
  Eat: Chunk             |    19 |    16 |    40 |    19 ||    94
       Fruit             |       |       |     2 |       ||     2
Armor: Robe              |    56 |    40 |    92 |    56 ||   244
Dodge: Dodged            |    57 |    56 |   110 |   118 ||   341
